 Dungeon Sprint DCSS version 0.21-a0-59-g7b0e191 (webtiles) character file.

18 Kidiri the Ruffian (level 2, -2/32 HPs)
             Began as a Troll Monk on June 16, 2017.
             Was a Believer of Wu Jian.
             Slain by a merfolk
             ... wielding a +0 trident
              (13 damage)
             ... in the Dungeon (Sprint V: "Ziggurat Sprint").
             The game lasted 00:01:09 (78 turns).

Kidiri the Ruffian (Troll Monk)                       Turns: 78, Time: 00:01:10

Health: -2/32      AC:  5    Str: 24    XL:     2   Next: 48%
Magic:  1/1        EV: 12    Int:  6    God:    Wu Jian [**....]
Gold:   0          SH:  0    Dex: 18    Spells: 1/1 levels left

rFire    . . .     SeeInvis .     - Unarmed
rCold    . . .     Gourm    +   (no shield)
rNeg     . . .     Faith    .   a - +0 robe
rPois    .         Spirit   .   (helmet restricted)
rElec    .         Reflect  .   (no cloak)
rCorr    .         Harm     .   (gloves unavailable)
MR       .....     NoTele   +   (boots unavailable)
Stlth    ++........             (no amulet)
HPRegen  0.50/turn              y - +6 ring of dexterity
MPRegen  0.07/turn              C - +6 ring of strength

@: no status effects
A: unfitting armour, claws 3, fast metabolism 3, gourmand, regeneration 1,
shaggy fur 1, tough skin 2
a: Renounce Religion


You were in the Dungeon.
You worshipped Wu Jian.
Wu Jian was pleased with you.
You were not hungry.

You visited 1 branch

Inventory:

Armour
 a - a +0 robe (worn)
 x - the +18 shield of the Gong {rElec rN+ MR+ EV-5}
   (You found it in the Dungeon)

   It affects your evasion (-5).
   It insulates you from electricity.
   It protects you from negative energy.
   It affects your resistance to hostile enchantments.
 A - +5 gold dragon scales
Jewellery
 y - a +6 ring of dexterity (left claw)
 z - a +6 ring of dexterity
 C - a +6 ring of strength (right claw)
 D - a +6 ring of strength
Wands
 E - a wand of disintegration (7/24)
 F - a wand of iceblast (5/15)
 G - a wand of lightning (5/15)
 H - a wand of acid (5/15)
Scrolls
 h - 4 scrolls of blinking
 o - 4 scrolls of amnesia
 p - 3 scrolls of recharging
 q - 7 scrolls of fog
 r - a scroll of holy word
 s - 5 scrolls of identify
 t - 5 scrolls of remove curse
 u - 2 scrolls of fear
Potions
 c - 10 potions of curing
 d - 10 potions of heal wounds
 e - 6 potions of haste
 f - 7 potions of magic
 g - 3 potions of berserk rage
 i - 2 potions of brilliance
 j - 2 potions of invisibility
 k - 4 potions of resistance
 m - 5 potions of agility
 n - 5 potions of might
Comestibles
 b - 6 bread rations
 l - 4 chunks of flesh
 v - 42 fruits
 w - 4 meat rations


   Skills:
 * Level 3.7 Fighting
 + Level 1.4 Armour
 * Level 3.7 Dodging
 - Level 2.2 Stealth
 + Level 1.7 Shields
 * Level 4.7 Unarmed Combat
 * Level 0.3 Evocations


You had one spell level left.
You didn't know any spells.

Dungeon Overview and Level Annotations

Branches:
Dungeon (1/1)

Altars:
Ashenzari
Cheibriados
Dithmenos
Elyvilon
Fedhas
Gozag
Hepliaklqana
Kikubaaqudgha
Makhleb
Nemelex Xobeh
Okawaru
Qazlal
Ru
Sif Muna
Trog
Uskayaw
Vehumet
Wu Jian
Xom
Yredelemnul
Zin
The Shining One
Beogh
Jiyva
Lugonu

Annotations:
D 1 transporter


Innate Abilities, Weirdness & Mutations

You are too large for most types of armour.
You have claws for hands.
Your metabolism is lightning-fast.
You like to eat raw meat.
Your natural rate of healing is unusually fast.
You are covered in fur. (AC +1)
You have very tough skin. (AC +2)


Message History

Gogeranke's Catalogue of Conjuration; a ball python skeleton
Things that are here:
a +2 chain mail of positive energy; an adder corpse You butcher the adder corpse.
l - 4 chunks of flesh (gained 2)
You see here a +2 chain mail of positive energy.
There is a transporter here.
Welcome to arena 2.
You enter the transporter and appear at another place. 3 merfolk come into view.
Found three items.
Found a transporter.
Unknown command.
The merfolk shouts!
Okay, then.
The merfolk hits you from afar with a trident!!
Ouch! That really hurt!
The merfolk shouts! x2
Unknown command.
The merfolk hits you from afar with a trident!
You die...

▓▓▓▓▓▓▓▓▓▓▓▓▓
▓.8©8.▓.8©8.▓
▓.m}m.▓.....▓
▓..m..▓.:.[.▓
▓..@..▓.....▓
▓.....▓.....▓
▓.....▓.....▓
▓.....▓▓▓▓▓▓▓
▓▓▓▓▓▓▓


You could see 3 merfolk.

Vanquished Creatures
  An adder (D)
  A ball python (D)
2 creatures vanquished.

Notes
Turn   | Place    | Note
-------+----------+-------------------------------------------
     0 | D        | Kidiri the Troll Monk began the quest for the Orb.
     0 | D        | Reached XP level 1. HP: 22/22 MP: 0/0
     0 | D        | Found a deep blue altar of Sif Muna.
     0 | D        | Found a bloodstained altar of Trog.
     0 | D        | Found a sacrificial altar of Ru.
     0 | D        | Found a stormy altar of Qazlal.
     0 | D        | Found an iron altar of Okawaru.
     1 | D        | Found a sparkling altar of Nemelex Xobeh.
     1 | D        | Found a blossoming altar of Fedhas.
     3 | D        | Found a transporter.
     3 | D        | Found an ancient bone altar of Kikubaaqudgha.
     3 | D        | Found a viscous altar of Jiyva.
     3 | D        | Found a corrupted altar of Lugonu.
     3 | D        | Found a hazy altar of Hepliaklqana.
     3 | D        | Found a burning altar of Makhleb.
     3 | D        | Found an opulent altar of Gozag.
    38 | D        | Became a worshipper of the Wu Jian Council
    38 | D        | Reached * piety under Wu Jian
    38 | D        | Reached ** piety under Wu Jian
    48 | D        | Reached skill level 1 in Armour
    48 | D        | Reached skill level 1 in Shields
    48 | D        | Reached skill level 4 in Unarmed Combat
    48 | D        | Reached XP level 2. HP: 31/31 MP: 1/1
    61 | D        | Entered arena 2.
    61 | D        | Found a transporter.
    75 | D        | Entered arena 3.
    75 | D        | Noticed a merfolk
    75 | D        | Noticed a merfolk
    75 | D        | Noticed a merfolk
    75 | D        | Found a transporter.
    78 | D        | Slain by a merfolk

Vault maps used:
D:        sprint_v

Skill      XL: |  1 |
---------------+----+-----
Fighting       | 3 |  3.7
Armour         | 1 |  1.4
Dodging        | 3 |  3.7
Stealth        | 2 |  2.2
Shields        | 1 |  1.7
Unarmed Combat | 4 |  4.7
Evocations     | |  0.3

Action                   || total
-------------------------++-------
Melee: Unarmed           ||     2
       Punch             ||     1
  Use: Potion            ||     1
 Stab: Sleeping          ||     2
